 Dungeon Crawl Stone Soup version 0.23.2-1-ga50397a (webtiles) character file.

Game seed: 13072997193268898306

13 Kairos the Shooter (level 2, 0/21 HPs)
             Began as a Centaur Hunter on Apr 23, 2019.
             Succumbed to an adder's poison
             ... on level 1 of the Dungeon.
             The game lasted 00:01:07 (853 turns).

Kairos the Shooter (Centaur Hunter)                  Turns: 853, Time: 00:01:08

Health: 0/21       AC:  5    Str: 14    XL:     2   Next: 24%
Magic:  2/2        EV:  9    Int: 15    God:
Gold:   15         SH:  0    Dex:  9    Spells: 1/1 levels left

rFire    . . .     SeeInvis .   a - +1 shortbow
rCold    . . .     Gourm    .   (shield currently unavailable)
rNeg     . . .     Faith    .   c - +0 leather armour
rPois    .         Spirit   .   m - +0 helmet
rElec    .         Reflect  .   (no cloak)
rCorr    .         Harm     .   (no gloves)
MR       .....                  (no barding)
Stlth    +.........             (no amulet)
HPRegen  0.07/turn              (no ring)
MPRegen  0.08/turn              (no ring)

@: brilliant, lethally poisoned (0 -> -3), very slightly contaminated, very
quick
A: large, hooves 3, deformed body, speed 2, frail 1, mutation resistance 1,
tough skin 3
a: no special abilities


You were on level 1 of the Dungeon.
You were not hungry.

You visited 1 branch of the dungeon, and saw 2 of its levels.

You collected 15 gold pieces.

Inventory:

Hand Weapons
 a - a +1 shortbow (weapon)
 b - a +0 short sword
Missiles
 d - 19 arrows (quivered)
Armour
 c - a +0 leather armour (worn)
 m - a +0 helmet (worn)
Scrolls
 i - a scroll of identify {unknown}
 j - a scroll of random uselessness {unknown}
 l - a scroll of blinking
Potions
 g - a potion of invisibility
Comestibles
 f - 3 rations


   Skills:
 + Level 2.0 Fighting
 + Level 6.0 Bows
 + Level 1.3 Dodging
 + Level 0.4 Stealth


You had one spell level left.
You didn't know any spells.
Your spell library was empty.

Dungeon Overview and Level Annotations

Branches:
Dungeon (2/15)

Altars:


Innate Abilities, Weirdness & Mutations

You have hooves in place of feet.
Armour fits poorly on your strangely shaped body.
You cover ground very quickly.
You have extremely tough skin. (AC +3)
You are frail. (-10% HP)
You are somewhat resistant to further mutation.


Message History

The hobgoblin shouts!
* * * LOW HITPOINT WARNING * * *
You feel sick.
There is a stone staircase leading up here.
The hobgoblin hits you.
* * * LOW HITPOINT WARNING * * *
You climb upwards.
* * * LOW HITPOINT WARNING * * *
You feel sick.
There is a stone staircase leading down here.
It was a potion of mutation.
You feel extremely strange.
You feel genetically stable.
You feel frail. The hobgoblin barely misses you.
It was a potion of brilliance.
You feel clever all of a sudden.
* * * LOW HITPOINT WARNING * * *
You feel sick. The hobgoblin closely misses you.
* * * LOW HITPOINT WARNING * * *
You feel sick.
You die...

.#.#..#.# ##.# #.#.#
#.........
.#.#.##.####.###.#.#
#.........
.#.#....#.....##.#.#
#######'####
.#.######.###.##.#.#
#...........
..........# #..#.#.#
#...........
#######.### ##.#.#.#
#........... ......#.#
#..(#.# #...........
#####.#.# ##..#.#
#........... ....#.#.#
#.@#.# #...........
###.#.#.# #..#.#
#........... ....#...#
#..#.# #...........
#########
####..#.###...........
#....g................
#........รท............
#..........###########
#..........#
#......>...#


You could see a hobgoblin.

Vanquished Creatures
  A dart slug (D:1)
  2 goblins
  3 hobgoblins
  A bat (D:1)
  4 rats (D:1)
11 creatures vanquished.

Notes
Turn   | Place    | Note
-------+----------+-------------------------------------------
     0 | D:1      | Kairos the Centaur Hunter began the quest for the Orb.
     0 | D:1      | Reached XP level 1. HP: 17/17 MP: 1/1
   475 | D:1      | Reached XP level 2. HP: 24/24 MP: 2/2
   514 | D:1      | Reached skill level 6 in Bows
   844 | D:1      | Gained mutation: You are somewhat resistant to further
                  | mutation. [potion of mutation]
   844 | D:1      | Gained mutation: You are frail. (-10% HP) [potion of
                  | mutation]
   849 | D:1      | HP: 1/21 [poisoned by an adder]
   853 | D:1      | Succumbed to an adder's poison

Skill      XL: |  1  2 |
---------------+-------+-----
Bows           | 6 |  6.0
Fighting       | |  2.0
Dodging        | |  1.3
Stealth        | |  0.4

Action                   || total
-------------------------++-------
 Fire: Shortbow          ||    41
  Use: Potion            ||     3
       Scroll            ||     2
Armor: Leather armour    ||     6
Dodge: Dodged            ||     6
